 Dungeon Crawl Stone Soup version 0.20.0-15-g7f486f2 (webtiles) character file.

95 maniacrov the Covered (level 4, 0/40 HPs)
             Began as a Minotaur Fighter on June 13, 2017.
             Slain by a gnoll
             ... wielding a +0 halberd
              (12 damage)
             ... on level 3 of the Dungeon.
             The game lasted 00:04:04 (1140 turns).

maniacrov the Covered (Minotaur Fighter)            Turns: 1140, Time: 00:04:06

Health: 0/40       AC:  7    Str: 21    XL:     4   Next: 40%
Magic:  3/3        EV:  7    Int:  5    God:
Gold:   77         SH:  9    Dex: 10    Spells: 3/3 levels left

rFire    . . .     SeeInvis .   a - +0 war axe
rCold    . . .     Gourm    .   c - +0 shield
rNeg     . . .     Faith    .   b - +0 scale mail
rPois    .         Spirit   .   (helmet restricted)
rElec    .         Reflect  .   (no cloak)
rCorr    .         Harm     .   (no gloves)
MR       .....                  (no boots)
Stlth    ..........             (no amulet)
Regen    0.2/turn               (no ring)
MPRegen  0.1/turn               (no ring)

@: no status effects
A: retaliatory headbutt, horns 2
a: no special abilities


You were on level 3 of the Dungeon.
You were not hungry.

You visited 1 branch of the dungeon, and saw 3 of its levels.

You collected 77 gold pieces.

Inventory:

Hand Weapons
 a - a +0 war axe (weapon)
Armour
 b - a +0 scale mail (worn)
 c - a +0 shield (worn)
Jewellery
 e - an uncursed ring of protection from magic {unknown}
 h - an uncursed ring of magical power {unknown}
 j - a cursed ring of teleportation {unknown}
Potions
 d - a potion of might
 g - 2 potions of flight {unknown}
 i - 2 potions of mutation {unknown}
Comestibles
 f - a bread ration


   Skills:
 + Level 4.1 Fighting
 + Level 3.4 Axes
 + Level 4.6 Armour
 + Level 0.2 Dodging
 + Level 4.4 Shields


You had 3 spell levels left.
You didn't know any spells.

Dungeon Overview and Level Annotations

Branches:
Dungeon (3/15)

Altars:
Gozag


Innate Abilities, Weirdness & Mutations

You reflexively headbutt those who attack you in melee.
You have a pair of horns on your head.


Message History

Your shield prevents you from hitting the gnoll.
You hit the ooze. You hit the hobgoblin but do no damage.
The gnoll closely misses you.
The gnoll hits you from afar with a halberd.
The hobgoblin hits you with a club. You block the ooze's attack.
You barely miss the gnoll. You headbutt the gnoll.
The gnoll is moderately wounded.
You barely miss the hobgoblin. You barely miss the ooze.
The gnoll closely misses you. You furiously retaliate!
You headbutt the gnoll. You block the hobgoblin's attack.
The gnoll hits you from afar with a halberd!
The ooze hits you. The gnoll hits you with a halberd.
You hit the gnoll.
The gnoll is almost dead.
You hit the ooze. You hit the hobgoblin but do no damage.
The hobgoblin hits you but does no damage.
The ooze hits you.
* * * LOW HITPOINT WARNING * * *
The gnoll barely misses you. The gnoll hits you with a halberd!
You die...

##########
.........##########
.)................#
................(.######
.†..............@...$...
.............s.ggJ######
..............).g.#
................).#
..##...##..###.#.##
...##.....## #....#
........... .....#
..##.(.##.......#.#
...................


You could see 2 gnolls, an ooze, a giant cockroach and a hobgoblin.

Vanquished Creatures
  2 gnolls (D:3)
  3 adders
  A worm (D:2)
  3 dart slugs
  A leopard gecko (D:1)
  3 giant cockroaches
  6 goblins
  6 hobgoblins
  5 kobolds
  A quokka (D:2)
  A ball python (D:1)
  A bat (D:1)
  2 frilled lizards (D:1)
  6 rats
41 creatures vanquished.

Notes
Turn   | Place    | Note
-------+----------+-------------------------------------------
     0 | D:1      | maniacrov the Minotaur Fighter began the quest for the Orb.
     0 | D:1      | Reached XP level 1. HP: 19/19 MP: 0/0
   227 | D:1      | Reached XP level 2. HP: 21/27 MP: 1/1
   756 | D:1      | Reached XP level 3. HP: 33/33 MP: 2/2
   975 | D:2      | Found an opulent altar of Gozag.
  1076 | D:3      | Reached XP level 4. HP: 40/40 MP: 3/3
  1140 | D:3      | Slain by a gnoll

Skill      XL: |  1  2  3 |
---------------+----------+-----
Shields        | 4 |  4.4
Armour         | 4 |  4.6
Fighting       | 4 |  4.1
Axes           | 3 |  3.4
Dodging        | |  0.2

Action                   |  1- 3 |  4- 6 || total
-------------------------+-------+-------++-------
Melee: War axe           |    62 |    21 ||    83
       Headbutt          |    11 |     4 ||    15
  Use: Scroll            |     2 |       ||     2
  Eat: Royal jelly       |     1 |       ||     1
Armor: Scale mail        |    32 |    13 ||    45
Dodge: Dodged            |    26 |    12 ||    38
Block: Shield            |    45 |     9 ||    54
